Map: Frost LE

Players

BRAM

  • Race: Protoss Protoss

Gracz

  • Race: Zerg Zerg
  • League: Silver

yanok - Winner!

  • Race: Protoss Protoss

Mudriy - Winner!

  • Race: Zerg Zerg

VOD

Have the link to the VOD?

Description

Time

  • Played on: Nov. 1, 2016, 12:58 p.m.
  • Length: 7:44
Show
View Real Time Build Order
Export as new Build Order

BRAM Protoss 

Build Orders:  

Get SALT Encoding   

  12  0:01  Probe (Chrono Boost)  
  13  0:14  Pylon  
  13  0:17  Probe (Chrono Boost)  
  14  0:25  Assimilator  
  14  0:28  Probe (Chrono Boost)  
  15  0:41  Gateway  
  15  0:45  Probe (Chrono Boost)  
  16  0:56  Probe (Chrono Boost)  
  17  1:06  Pylon, Probe (Chrono Boost)  
  18  1:17  Probe (Chrono Boost)  
  19  1:30  Cybernetics Core  
  19  1:49  Probe (Chrono Boost)  
  20  2:00  Probe (Chrono Boost)  
  21  2:03  Assimilator  
  21  2:07  Stalker  
  23  2:12  Probe (Chrono Boost)  
  23  2:24  Probe (Chrono Boost)  
  18  2:36  Probe (Chrono Boost)  
Show
View Real Time Build Order
Export as new Build Order

Gracz Zerg 

Build Orders: Hatch First 

Get SALT Encoding   

  12  0:01  Drone  
  13  0:13  Overlord  
  13  0:24  Drone  
  14  0:31  Drone x2  
  16  0:52  Unknown, Hatchery  
  15  1:04  Drone x3  
  15  1:07  Extractor  
  17  1:19  Spawning Pool  
  17  1:23  Drone  
  17  1:35  Drone  
  18  1:44  Drone  
  19  2:03  Unknown  
  19  2:05  Drone x3  
  22  2:09  Extractor  
  22  2:11  Zergling x2, Queen  
  22  2:12  Queen  
  26  2:26  Drone x2  
  26  2:28  Overlord  
  28  2:53  Metabolic Boost  
  28  2:56  Drone x2  
  28  2:57  Drone  
  31  3:07  Evolution Chamber  
  31  3:10  Evolution Chamber  
  31  3:12  Zergling x2  
  30  3:13  Zergling x6  
  33  3:34  Zerg Melee Weapons Level 1  
  33  3:36  Drone x3  
  36  3:45  Zerg Ground Armor Level 1  
  36  3:51  Lair  
  36  3:54  Extractor  
  35  3:56  Extractor  
  35  3:57  Drone x2  
  35  3:58  Overlord x3  
  36  4:26  Drone x10  
  46  4:42  Drone x4  
  48  5:34  Spine Crawler  
  47  5:38  Spire  
  46  5:54  Zergling x2  
  46  5:55  Zergling x26  
  60  6:07  Hydralisk Den  
  60  6:09  Infestation Pit  
  58  6:28  Overlord x3  
  58  6:42  Hydralisk  
  58  6:46  Hydralisk x4  
  68  7:42  Unknown, Hatchery  
Show
View Real Time Build Order
Export as new Build Order

yanok Protoss - Winner!

Build Orders: Cannon Rush 

Get SALT Encoding   

  12  0:01  Probe (Chrono Boost)  
  13  0:15  Pylon  
  13  0:35  Forge  
  13  0:37  Probe (Chrono Boost)  
  14  1:15  Pylon  
  14  1:16  Pylon  
  14  1:21  Pylon  
  14  1:35  Photon Cannon  
  14  1:40  Photon Cannon  
  14  1:46  Photon Cannon  
  13  2:04  Unknown, Nexus  
  14  2:44  Probe (Chrono Boost)  
  14  2:47  Assimilator  
  14  2:51  Assimilator  
  14  2:54  Photon Cannon  
  14  2:55  Probe (Chrono Boost)  
  14  2:57  Photon Cannon  
  15  3:12  Probe (Chrono Boost)  
  16  3:16  Unknown  
  16  3:23  Probe (Chrono Boost)  
  17  3:28  Probe (Chrono Boost)  
  17  3:33  Probe (Chrono Boost)  
  19  3:38  Probe (Chrono Boost)  
  19  3:39  Gateway  
  20  3:44  Probe (Chrono Boost)  
  21  3:49  Probe (Chrono Boost)  
  21  3:54  Probe (Chrono Boost)  
  23  3:59  Probe (Chrono Boost)  
  24  4:10  Probe (Chrono Boost)  
  25  4:19  Probe (Chrono Boost)  
  25  4:20  Probe (Chrono Boost)  
  27  4:25  Cybernetics Core  
  27  4:34  Probe (Chrono Boost)  
  28  4:38  Pylon  
  28  4:41  Assimilator  
  28  4:43  Assimilator  
  28  4:45  Probe (Chrono Boost)  
  29  4:46  Pylon  
  29  4:59  Probe (Chrono Boost)  
  30  5:02  Probe (Chrono Boost)  
  31  5:10  Probe (Chrono Boost)  
  31  5:12  Photon Cannon  
  31  5:13  Probe (Chrono Boost)  
  33  5:20  Probe (Chrono Boost)  
  33  5:21  Photon Cannon  
  33  5:23  Photon Cannon  
  33  5:25  Pylon  
  33  5:27  Photon Cannon  
  33  5:32  Stargate  
  33  5:41  Stargate  
  33  5:44  Stargate  
  33  5:49  Probe (Chrono Boost)  
  34  5:59  Probe (Chrono Boost)  
  35  6:04  Stargate  
  35  6:07  Stargate  
  35  6:10  Probe (Chrono Boost)  
  36  6:12  Probe (Chrono Boost)  
  37  6:21  Probe (Chrono Boost)  
  37  6:23  Probe (Chrono Boost)  
  37  6:24  Void Ray  
  39  6:31  Probe (Chrono Boost)  
  44  6:42  Probe (Chrono Boost)  
  44  6:47  Mothership Core (Chrono Boost)  
  47  6:52  Probe (Chrono Boost)  
  47  6:53  Unknown, Nexus  
  48  6:56  Assimilator  
  48  7:00  Assimilator  
  52  7:22  Probe (Chrono Boost)  
  57  7:32  Robotics Facility  
  57  7:34  Probe (Chrono Boost)  
  57  7:37  Pylon  
Show
View Real Time Build Order
Export as new Build Order

Mudriy Zerg - Winner!

Build Orders: Pool First 

Get SALT Encoding   

  12  0:03  Drone  
  13  0:11  Drone  
  14  0:27  Spawning Pool  
  13  0:34  Overlord  
  13  0:38  Drone  
  14  0:54  Drone  
  14  0:55  Drone  
  16  1:03  Extractor  
  15  1:15  Zergling x2  
  15  1:16  Zergling x2  
  15  1:18  Queen  
  19  1:19  Zergling x2  
  20  1:43  Unknown, Hatchery  
  19  1:57  Drone x3  
  22  2:04  Metabolic Boost  
  22  2:33  Extractor, Overlord  
  22  2:34  Overlord  
  20  2:55  Unknown  
  20  3:00  Drone  
  20  3:01  Queen  
  23  3:08  Drone x2  
  23  3:09  Zergling x2  
  23  3:10  Zergling x4  
  28  3:24  Lair  
  28  3:40  Drone  
  28  3:41  Drone x2  
  31  3:48  Drone x5  
  36  3:59  Roach Warren  
  36  4:01  Evolution Chamber  
  34  4:10  Baneling Nest, Drone x2  
  35  4:31  Zerg Ground Armor Level 1  
  35  4:37  Pneumatized Carapace  
  35  4:41  Drone  
  35  4:42  Drone x3  
  39  5:03  Hydralisk Den  
  38  5:08  Spire  
  37  5:29  Zergling x6  
  37  5:30  Zergling x2  
  37  5:31  Roach  
  37  5:33  Overlord x3  
  37  5:34  Overlord  
  42  5:41  Overlord x2  
  42  5:45  Muscular Augments  
  42  5:47  Drone  
  43  5:59  Drone x2  
  43  6:00  Drone  
  43  6:04  Extractor  
  45  6:08  Unknown, Hatchery  
  45  6:11  Drone  
  45  6:23  Hydralisk x2  
  45  6:25  Hydralisk  
  51  6:27  Roach  
  51  6:29  Roach  
  55  6:38  Drone x3  
  59  6:47  Drone x3  
  59  6:48  Extractor  
  60  6:56  Hydralisk x2  
  60  6:57  Hydralisk  
  66  7:01  Drone  
  67  7:20  Unknown  
Tags
 
Add a new tag
Caveats
  • Supply blocks, unpowered buildings, or Contaminate may cause inaccurate times.
  • Supply counts are checked every 10 seconds.